 Dungeon Crawl Stone Soup version 0.30.1-4-g462c640d31 (webtiles) character file.

Game seed: 16331394866498828378

1628 LordJstr the Fighter (level 8, -3/82 HPs)
             Began as a Hill Orc Fighter on Sept 18, 2023.
             Was an Initiate of Beogh.
             Killed by nerve-wracking pain
             ... invoked by an orc priest
              (8 damage)
             ... on level 6 of the Dungeon.
             The game lasted 00:34:15 (6692 turns).

LordJstr the Fighter (Hill Orc Fighter)             Turns: 6692, Time: 00:34:15

Health: -3/82      AC: 12    Str: 21    XL:     8   Next: 97%
Magic:  8/8        EV: 10    Int:  8    God:    Beogh [......]
Gold:   477        SH: 10    Dex: 16    Spells: 7/7 levels left

rFire   . . .        C - +4 hand axe
rCold   . . .        c - +0 buckler
rNeg    . . .        w - +0 plate armour
rPois   .            (no helmet)
rElec   .            (no cloak)
rCorr   .            e - +0 pair of gloves
SInv    .            (no boots)
Will    .....        s - amulet of reflection Stlth
                     n - +6 ring of dexterity
HPRegen 0.33/turn    D - +5 ring of evasion
MPRegen 0.11/turn

%: reflection
@: lethally poisoned (-3 -> -5), marked
A: no striking features
a: Renounce Religion


You were on level 6 of the Dungeon.
You worshipped Beogh.
Beogh was noncommittal.
You visited 1 branch of the dungeon, and saw 6 of its levels.

You collected 477 gold pieces.

Inventory:

Hand Weapons
 h - a +2 mace of holy wrath
 C - a +4 hand axe (weapon)
Missiles
 y - 15 stones (quivered)
 B - 3 poisoned darts
Armour
 c - a +0 buckler (worn)
 e - a +0 pair of gloves (worn)
 o - a +1 scale mail of poison resistance
 w - a +0 plate armour (worn)
Jewellery
 n - a +6 ring of dexterity (left hand)
 s - an amulet of reflection (around neck)
 z - a ring of willpower
 D - a +5 ring of evasion (right hand)
Wands
 a - a wand of polymorph (5)
 u - a wand of flame (11)
Scrolls
 b - a scroll of vulnerability
 f - 2 scrolls of identify
 i - a scroll of noise
 j - a scroll of enchant weapon {unknown}
 m - 4 scrolls of teleportation
Potions
 d - 3 potions of might
 g - 2 potions of curing
 k - 2 potions of cancellation
 l - 2 potions of degeneration
 p - 2 potions of haste
 q - 3 potions of brilliance
 r - 3 potions of attraction
 t - 2 potions of resistance
 x - a potion of ambrosia
 A - a potion of invisibility {unknown}


   Skills:
 + Level 11.0 Fighting
 - Level 9.0 Axes
 - Level 3.4 Armour
 - Level 3.4 Shields


You had 7 spell levels left.
You didn't know any spells.
Your spell library contained the following spells:

 Spells                   Type           Power      Damage    Failure   Level
 Kiss of Death            Conj/Necr      0%         2d5       100%        1
 Hailstorm                Conj/Ice       0%         3d3       100%        3
 Orb of Destruction       Conj           0%         9d5       100%        7
 Fire Storm               Conj/Fire      0%         5d1       100%        9


Dungeon Overview and Level Annotations

Branches:
Dungeon (6/15)             Temple (0/1) D:6

Altars:
Ashenzari
Sif Muna
Xom
Zin

Annotations:
D:6 Edmund


Message History

You feel a bit more experienced.
Your Fighting skill increases to level 11!
An orc priest comes into view. It is wielding a +0 whip.
You feel very sick.
You closely miss something.
You feel sick. Something hits you but does no damage.
You slash something! Beogh accepts your kill.
Reactivating autopickup.
You feel a bit more experienced.
You feel sick.
You closely miss the water moccasin.
The water moccasin is lightly wounded.
You feel sick. You block the water moccasin's attack.
The water moccasin bites you but does no damage.
You hit the water moccasin.
The water moccasin is moderately wounded.
You feel sick.
The orc wizard casts a spell.
The orc wizard flickers and vanishes!
Deactivating autopickup; reactivate with Ctrl-A.
You block the water moccasin's attack.
You miss the water moccasin.
The water moccasin is moderately wounded.
You feel sick. The water moccasin bites you.
* * * LOW HITPOINT WARNING * * *
You slash the water moccasin!
The water moccasin is heavily wounded.
You hit the orc.
The water moccasin bites you but does no damage.
You slash the water moccasin!
The water moccasin is almost dead.
You closely miss the orc priest. You completely miss the orc.
You feel sick.
The water moccasin bites you but does no damage.
Something hits the orc.
The orc dies!
The water moccasin bites you but does no damage.
The orc priest invokes the aid of Beogh against you.
Pain shoots through your body!
You die...
Beogh appreciates the orc priest's killing of a heretic priest.

#..))..................
##...#)o................
......)olo......#........
.....#.#o.......##....#..
...###.#l.#......>.#..#..
.###..@##...#..#..##.....
.......#...#####........
##..>.o##)..# ##.......
.#....o@Sl#.o.##......##
.##...###........##..###
#.## ......#.. ##..# #.#
........##........ .
........##........
##.......##........
#........##........ #
#........#........
.##...#..#...)...##


You could see Edmund, a water moccasin, an iguana, an orc priest and an orc.

Vanquished Creatures
  Menkaure (D:4)
  An ice beast (D:6)
  An ogre (D:5)
  2 centaurs
  2 phantoms
  A kobold brigand (D:6)
  4 scorpions
  4 wights (D:6)
  A howler monkey (D:5)
  3 hounds
  2 orc priests (D:6)
  A jelly (D:6)
  2 iguanas
  2 orc wizards
  Terence (D:2)
  3 adders
  A shadow imp (D:5)
  2 ufetubi
  3 worms
  5 dart slugs
  18 orcs
  10 ball pythons
  6 bats
  2 endoplasms (D:2)
  8 giant cockroaches
  6 goblins
  2 hobgoblins
  3 jackals (D:1)
  4 quokkas
  4 frilled lizards
  15 kobolds
  A rat (D:3)
121 creatures vanquished.

Vanquished Creatures (others)
  2 orc warriors (D:6)
  An orc priest (D:6)
  An iguana (D:6)
  An orc wizard (D:6)
  2 orcs (D:6)
7 creatures vanquished.

Grand Total: 128 creatures vanquished

Notes
Turn   | Place    | Note
-------+----------+-------------------------------------------
     0 | D:1      | LordJstr the Hill Orc Fighter began the quest for the Orb.
     0 | D:1      | Reached XP level 1. HP: 19/19 MP: 1/1
    71 | D:1      | Reached XP level 2. HP: 26/27 MP: 2/2
   449 | D:1      | Reached XP level 3. HP: 33/33 MP: 3/3
   795 | D:2      | Noticed Terence
   808 | D:2      | Killed Terence
   809 | D:2      | Reached skill level 5 in Axes
   809 | D:2      | Reached XP level 4. HP: 28/40 MP: 4/4
  2139 | D:4      | Found a shimmering altar of Xom.
  2157 | D:4      | Noticed Menkaure
  2167 | D:4      | Killed Menkaure
  2168 | D:4      | Reached XP level 5. HP: 8/46 MP: 5/5
  2168 | D:4      | Reached XP level 6. HP: 9/52 MP: 6/6
  2780 | D:4      | Found a shimmering blue altar of Sif Muna.
  2783 | D:4      | Found a broken altar of Ashenzari.
  2783 | D:4      | Found a glowing silver altar of Zin.
  2948 | D:4      | Reached skill level 4 in Fighting
  3012 | D:4      | Reached XP level 7. HP: 60/60 MP: 7/7
  4179 | D:5      | Entered Level 5 of the Dungeon
  4193 | D:5      | Reached skill level 5 in Fighting
  4407 | D:5      | Reached skill level 6 in Fighting
  4526 | D:5      | Reached skill level 7 in Fighting
  4980 | D:5      | Got the Grimoire of Injury
  5287 | D:5      | Reached XP level 8. HP: 18/74 MP: 8/8
  5293 | D:5      | Reached skill level 8 in Fighting
  6134 | D:6      | Reached skill level 9 in Fighting
  6181 | D:6      | Reached skill level 10 in Fighting
  6457 | D:6      | Identified the +3 leather armour "Egarch" {-Tele Rampage
                  | rCorr}
  6664 | D:6      | Became a worshipper of Beogh the Brigand
  6667 | D:6      | Found a staircase to the Ecumenical Temple.
  6684 | D:6      | Noticed Edmund
  6685 | D:6      | Reached skill level 11 in Fighting
  6692 | D:6      | Killed from afar by an orc priest

Illustrated notes

Levels and vault maps discovered:
D:1:      lightli_arrival_boilingwater, layout_rooms
D:2:      layout_rooms, uniq_terence
D:3:      layout_loops_cross, bh_walls_and_bars
D:4:      layout_layer_cave, chequers_temple_overflow_statue_of_worship,
          mainiacjoe_overflow_small_starburst, uniq_menkaure
D:5:      layout_basic, portal_sewer_entry_f, dk_noncrumbling_3,
          minmay_curled_crystal, chequers_serial_rivers_room_b, kennysheep_dice
D:6:      layout_cave_pools, beargit_hepliaklqana_dungeon_heroes,
          minmay_temple_entry_slanted

Skill      XL: |  1  2  3  4  5  6  7  8 |
---------------+-------------------------+-----
Axes           | 3 5 7 9 |  9.0
Fighting       | 4 7 11 | 11.0
Armour         | |  3.4
Shields        | |  3.4

Action                     |  1- 3 |  4- 6 |  7- 9 || total
---------------------------+-------+-------+-------++-------
  Melee: War axe           |    84 |   102 |     7 ||   193
         Mace              |       |       |   175 ||   175
         Hand axe          |       |       |    38 ||    38
  Throw: Stone             |    10 |    13 |    12 ||    35
         Boomerang         |       |       |    50 ||    50
 Invoke: Convert to Beogh  |       |       |     1 ||     1
    Use: Scroll            |       |    12 |     6 ||    18
         Potion            |       |       |     1 ||     1
 Armour: Scale mail        |    45 |    35 |    31 ||   111
         Plate armour      |       |       |    90 ||    90
  Dodge: Dodged            |    46 |    33 |    61 ||   140
  Block: Buckler           |    24 |    32 |   144 ||   200
         Reflection        |       |     6 |     3 ||     9
